 Dungeon Crawl Stone Soup version 0.15-a0-155-g2613b33 (webtiles) character file.

193 PolkaDot the Cutter (level 4, -1/34 HPs)
             Began as a Vampire Death Knight on Apr 16, 2014.
             Was a Believer of Yredelemnul.
             Slain by Grinder (8 damage)
             ... while paralysed by Grinder
             ... on Level 3 of the Dungeon.
             The game lasted 00:08:19 (1975 turns).

PolkaDot the Cutter (Vampire Death Knight)          Turns: 1975, Time: 00:08:19

HP  -1/34        AC  5     Str 12      XL: 4   Next: 52%
MP   5/5         EV  2     Int 13      God: Yredelemnul [**....]
Gold 89          SH  0     Dex 14      Spells:  0 memorised,  3 levels left

rFire  . . .     SeeInvis +     a - +1 short sword
rCold  . . .     Clarity  .     b - +0 leather armour
rNeg   . . .     Conserve .     (no shield)
rPois  .         rCorr    .     (no helmet)
rElec  .         rRot     .     k - +0 cloak
SustAb . .       Spirit   .     (no gloves)
rMut   .         Warding  .     c - +0 pair of boots
Saprov . . .     Stasis   .     (no amulet)
MR     .....                    (no ring)
                                l - ring of invisibility

@: paralysed, regenerating quickly, about to teleport, not resistant to hostile
enchantments, unstealthy
A: fangs 3, see invisible, unbreathing
a: Animate Remains, Recall Undead Slaves, Injury Mirror, Renounce Religion,
Evoke Invisibility


You were on level 3 of the Dungeon.
You worshipped Yredelemnul.
Yredelemnul was pleased with you.
You were very full.

You visited 1 branch of the dungeon, and saw 3 of its levels.

You collected 89 gold pieces.

Inventory:

Hand weapons
 a - a +1,+1 short sword (weapon)
Armour
 b - a +0 leather armour (worn)
 c - a +0 pair of boots (worn)
 k - a +0 cloak (worn)
Magical devices
 f - a wand of random effects (5)
Scrolls
 d - a scroll of enchant armour {unknown}
 e - 2 scrolls of identify
 g - a scroll of immolation {unknown}
 h - a scroll of fear {unknown}
 i - a scroll of teleportation
 j - a scroll of recharging {unknown}
Jewellery
 l - a ring of invisibility (left hand)


   Skills:
 + Level 2.8 Fighting
 * Level 4.5 Short Blades
 - Level 0.7 Armour
 - Level 1.1 Dodging
 - Level 2.4 Invocations


You had 3 spell levels left.
You didn't know any spells.

Dungeon Overview and Level Annotations

Branches:
Dungeon (3/15)

Altars:

Annotations:
D:3 Grinder


Innate Abilities, Weirdness & Mutations

Your natural rate of healing is unusually fast.
You have razor-sharp teeth.*
You have supernaturally acute eyesight.
You can survive without breathing.*


Message History

Grinder is moderately wounded.
You hear a shout! x3
Evoke which item? (* to show all) (? for menu, Esc to quit)
Zapping:
f - a wand of random effects {zapped: 5}
Press: ? - help, Shift-Dir - straight line, f/p - Grinder
Aim: Grinder (moderately wounded) Grinder resists with significant effort.
Grinder hits you.
You writhe in agony.
* * * LOW HITPOINT WARNING * * *
Read which item? (? for menu, Esc to quit)
Identify which item? (\ to view known items) (? for menu, Esc to quit)
Okay, then.
Read which item? (? for menu, Esc to quit)
As you read the scroll of teleportation, it crumbles to dust.
You feel strangely unstable. Grinder gestures at you.
You suddenly lose the ability to move!
Grinder hits you!
You die...
Yredelemnul claims you as an undead slave.

#.# #.# ##### #.# #.?.#
#.# #% #####...###.#
#.#+#...ยง.....).#
#.......#######.#
#.......# #5# #.......#
#@# #.......#### #.#
#.......##.. ..#
#...)...##.####.###.###
#.......##.#....(.......
#.......##.#.##.###.#
..>............%..)..#
####+##+###.#.##<#####
#.#.##.#


You could see Grinder.

Vanquished Creatures
  Jessica (D:2)
  Terence (D:2)
  2 adders (D:2)
  3 giant geckos (D:2)
  An ooze (D:3)
  A ball python (D:1)
  6 bats
  5 giant cockroaches
  3 hobgoblins
  14 kobolds
  2 giant newts (D:2)
  9 goblins
  5 rats
  A plant (D:2)
54 creatures vanquished.

Notes
Turn   | Place    | Note
--------------------------------------------------------------
     0 | D:1      | PolkaDot, the Vampire Death Knight, began the quest for the Orb.
     0 | D:1      | Reached XP level 1. HP: 16/16 MP: 1/1
   338 | D:1      | Reached XP level 2. HP: 17/22 MP: 2/2
   754 | D:1      | Reached skill level 3 in Short Blades
   925 | D:2      | Noticed Jessica
   942 | D:2      | Killed Jessica
   942 | D:2      | Reached XP level 3. HP: 18/28 MP: 4/4
  1154 | D:2      | Reached skill level 4 in Short Blades
  1229 | D:2      | Noticed Terence
  1232 | D:2      | Acquired Yredelemnul's second power
  1430 | D:2      | Killed Terence
  1430 | D:2      | Reached XP level 4. HP: 23/34 MP: 5/5
  1928 | D:3      | Noticed Grinder
  1931 | D:3      | Paralysed by Grinder for 5 turns
  1940 | D:3      | Paralysed by Grinder for 6 turns
  1974 | D:3      | Paralysed by Grinder for 2 turns
  1975 | D:3      | Slain by Grinder

Action                   |  1- 3 |  4- 6 || total
-------------------------+-------+-------++-------
Melee: Short sword       |   166 |   141 ||   307
Evoke: Wand              |       |     6 ||     6
  Use: Potion            |     2 |       ||     2
       Scroll            |       |     3 ||     3
 Stab: Sleeping          |       |     1 ||     1
